 Dungeon Crawl Stone Soup version 0.32-a0-968-g61e5eb5241 (webtiles) character file.

Game seed: 10091562529712448862

87 P0WERM0DE the Chopper (level 4, -5/37 HPs)
             Began as a Coglin Chaos Knight on Apr 18, 2024.
             Was a Plaything of Xom.
             Slain by Robin the salamander
             ... wielding a +0 spear
              (12 damage)
             ... on level 2 of the Dungeon.
             The game lasted 00:01:31 (1363 turns).

P0WERM0DE the Chopper (Coglin Chaos Knight)         Turns: 1363, Time: 00:01:31

Health: -5/37      AC:  7    Str: 15    XL:     4   Next: 51%
Magic:  4/4        EV: 10    Int: 16    God:    Xom [......]
Gold:   71         SH:  0    Dex: 14    Spells: 3/3 levels left

rFire   . . .        a - +0 hand axe (chaos) {Nhalahla}
rCold   + . .        e - +0 dagger {Ekveer}
rNeg    . . .        b - +2 leather armour
rPois   .            (helmet restricted)
rElec   .            (no cloak)
rCorr   .            (no gloves)
SInv    .            (no boots)
Will    .....        (amulet unavailable)
Stlth   ++           (ring unavailable)
HPRegen 0.26/turn    (ring unavailable)
MPRegen 0.09/turn    (no gizmo)

%: no passive effects
@: mighty, revved
A: off-hand wielding, slow wielding, warmup strikes, no jewellery, horns 2,
iridescent scales 1, thin skeletal structure 1, clever 1, cold resistance 1,
strong 1, MP-powered wands
a: Invent Gizmo, Renounce Religion


You were on level 2 of the Dungeon.
You worshipped Xom.
You were a very special plaything of Xom.
You visited 1 branch of the dungeon, and saw 2 of its levels.

You collected 71 gold pieces.

Inventory:

Hand Weapons
 a - a +0 hand axe of chaos (weapon) {Nhalahla}
 e - a +0 dagger (offhand) {Ekveer}
Armour
 b - a +2 leather armour (worn)
 f - a +0 pair of gloves
   (You found it on level 2 of the Dungeon)
Talismans
 m - a storm talisman
   (You found it on level 2 of the Dungeon)
Scrolls
 c - a scroll of butterflies
 g - a scroll of identify {unknown}
 i - a scroll of amnesia {unknown}
 j - a scroll of vulnerability {unknown}
 l - a scroll of fear {unknown}
 n - a scroll of fog {unknown}
Potions
 d - 2 potions of might
 h - a potion of haste {unknown}
 k - 2 potions of heal wounds {unknown}
 o - a potion of curing {unknown}


   Skills:
 * Level 4.2 Fighting
 * Level 4.2 Axes
 - Level 1.7 Armour
 - Level 0.8 Dodging


You had 3 spell levels left.
You didn't know any spells.
Your spell library contained the following spells:

 Spells                   Type           Power      Damage    Failure   Level
 Sublimation of Blood     Necr           0%         N/A       43%         2
 Dazzling Flash           Conj/Hex       0%         N/A       67%         3
 Fugue of the Fallen      Necr           0%         N/A       67%         3
 Mephitic Cloud           Conj/Alch/Air  0%         N/A       67%         3
 Ozocubu's Armour         Ice            0%         N/A       67%         3
 Petrify                  Alch/Erth      0%         N/A       97%         4
 Curse of Agony           Necr           0%         N/A       100%        5
 Irradiate                Conj/Alch      0%         3d11      100%        5
 Silence                  Hex/Air        0%         N/A       100%        5
 Manifold Assault         Tloc           0%         N/A       100%        7
 Rimeblight               Ice/Necr       0%         2d3       (prima100%   7
 Fulsome Fusillade        Conj/Alch      0%         (3-5)d4   100%        8


Dungeon Overview and Level Annotations

Branches:
Dungeon (2/15)

Altars:
Xom

Annotations:
D:2 Robin


Innate Abilities, Weirdness & Mutations

You can wield a second weapon in your off-hand.
It takes a long time for you to wield or remove held weapons.
Your first few attacks do less damage.
You cannot equip rings or amulets.
You have a pair of horns on your head.
You are partially covered in iridescent scales. (AC +2)
You have a somewhat thin skeletal structure. (Dex +2, Stealth+)
Your mind is acute. (Int +4, Str/Dex -1)
Your flesh is cold resistant. (rC+)
Your muscles are strong. (Str +4, Int/Dex -1)
You expend magic power (3 MP) to strengthen your wands.


Message History

Robin hits you but does no damage.
Things that are here:
a +0 club; a hobgoblin corpse You hit Robin but do no damage. x2; Robin hits you with a +0 spear.
You are too injured to fight recklessly!
You are too injured to fight recklessly!
You are too injured to fight recklessly!
You are too injured to fight recklessly!
You are too injured to fight recklessly!
You are too injured to fight recklessly!
You are too injured to fight recklessly!
You are too injured to fight recklessly!
You are too injured to fight recklessly!
You closely miss Robin with your +0 dagger.
You headbutt Robin!
Robin is severely wounded.
You barely miss Robin with your +0 hand axe of chaos.
Xom's power touches on a nearby monster.
Robin evaporates and reforms as a salamander!
Robin picks up a +0 spear.
Robin wields a +0 spear.
Robin picks up a +0 animal skin.
Robin wears a +0 animal skin.
You completely miss Robin with your +0 hand axe of chaos.
Your headbutt misses Robin.
Robin is severely wounded.
You hit Robin but do no damage. You hit Robin but do no damage.
Robin is severely wounded.
You hit Robin but do no damage. Robin hits you with a +0 spear.
You are engulfed in flames!
* * * LOW HITPOINT WARNING * * *
You hit Robin with your +0 dagger. Your headbutt misses Robin.
Robin is severely wounded.
You barely miss Robin with your +0 hand axe of chaos.
Robin closely misses you.
It was a potion of might.
You feel very mighty all of a sudden.
d - 2 potions of might;
e - a +0 dagger (offhand) {Ekveer} Robin hits you with a +0 spear!
You die...
Xom chortles!

##### ...### ##
#####.... .#
.......# .# #
...#.###.#.##.#
#.#.))).......
#.###..$).@N.....#
###
#.....######...#.#
..# #####.# .##
#.# ### #.# # #.#
..# #.# #.# #.#
#.# ##+## #.# #.#
#.# ##...## #.#
#.#########.#
##.....## ##.#
#...........#
##....<..## ##..#


You could see Robin the salamander.

Vanquished Creatures
  Natasha (D:2)
  An adder (D:2)
  3 orcs (D:2)
  4 endoplasms
  4 giant cockroaches (D:1)
  5 hobgoblins
  A kobold (D:1)
  A quokka (D:1)
  5 ball pythons (D:1)
  3 bats
  A frilled lizard (D:1)
  12 goblins
  6 rats
47 creatures vanquished.

Notes
Turn   | Place    | Note
-------+----------+-------------------------------------------
     0 | D:1      | P0WERM0DE the Coglin Chaos Knight began the quest for the
                  | Orb.
     0 | D:1      | Reached XP level 1. HP: 18/18 MP: 1/1
    89 | D:1      | XOM: silly message
    98 | D:1      | Reached XP level 2. HP: 24/24 MP: 2/2
   266 | D:1      | XOM: scenery: create altars
   567 | D:1      | Reached XP level 3. HP: 29/29 MP: 3/3
   603 | D:1      | XOM: give mutations
   603 | D:1      | Gained mutation: Your muscles are strong. (Str +4, Int/Dex
                  | -1) [Xom's grace]
   603 | D:1      | Gained mutation: You are partially covered in iridescent
                  | scales. (AC +2) [Xom's grace]
   603 | D:1      | Gained mutation: You have a pair of small horns on your
                  | head. [Xom's grace]
   603 | D:1      | Gained mutation: You have a pair of horns on your head.
                  | [Xom's grace]
   755 | D:2      | XOM: stealth player
   872 | D:2      | Noticed Natasha
   872 | D:2      | XOM: 1-stop teleportation journey
   877 | D:2      | XOM: give mutations
   877 | D:2      | Gained mutation: You have a somewhat thin skeletal
                  | structure. (Dex +2, Stealth+) [Xom's grace]
   877 | D:2      | Gained mutation: Your flesh is cold resistant. (rC+) [Xom's
                  | grace]
   877 | D:2      | Gained mutation: You expend magic power (3 MP) to
                  | strengthen your wands. [Xom's grace]
   877 | D:2      | Gained mutation: Your mind is acute. (Int +4, Str/Dex -1)
                  | [Xom's grace]
   886 | D:2      | Killed Natasha
   966 | D:2      | Reached XP level 4. HP: 37/37 MP: 4/4
  1111 | D:2      | XOM: scenery: create altars
  1124 | D:2      | XOM: summons 2 hostile shadow creatures
  1343 | D:2      | Noticed Robin
  1359 | D:2      | Robin changed into Robin the salamander
  1359 | D:2      | Noticed Robin
  1359 | D:2      | XOM: polymorph Robin -> Robin the salamander
  1363 | D:2      | Slain by Robin the salamander

Illustrated notes

Levels and vault maps discovered:
D:1:      lemuel_arrival_cross, layout_loops_ring, serial_bayou_crossing
D:2:      layout_loops_corners, uniq_robin, uniq_natasha

Skill      XL: |  1  2  3  4 |
---------------+-------------+-----
Axes           | 4 |  4.2
Fighting       | 4 |  4.2
Armour         | |  1.7
Dodging        | |  0.8

Action                     |  1- 3 |  4- 6 || total
---------------------------+-------+-------++-------
  Melee: Hand axe          |    66 |    35 ||   101
         Dagger            |    60 |    32 ||    92
         Headbutt          |     2 |     3 ||     5
    Use: Scroll            |     1 |       ||     1
         Potion            |       |     1 ||     1
   Stab: Confused          |     1 |       ||     1
         Paralysed         |     1 |       ||     1
         Sleeping          |     1 |     1 ||     2
 Armour: Leather armour    |    36 |    36 ||    72
  Dodge: Dodged            |    28 |    14 ||    42

Table legend: (Time is in decaauts)
 A = Elapsed time spent in this place.
 B = Non-inter-level travel time spent in this place.
 C = Inter-level travel time spent in this place.
 D = Time resting spent in this place.
 E = Time spent auto-exploring this place.
 F = Levels seen in this place.
 G = Mean time per level.
                   A        B        C        D        E       F      G
               +--------+--------+--------+--------+--------+-----+--------+
         Total |   1387 |   1366 |     21 |      0 |   1116 |   2 |  693.5 |
       Dungeon |   1387 |   1366 |     21 |      0 |   1116 |   2 |  693.5 |
               +--------+--------+--------+--------+--------+-----+--------+

Top non-repeatable levels by time:
     D:1: 768 daAuts
     D:2: 619 daAuts
